AoeStats
← 豆子

Arena

509876308Analyzed
3v3 RM · 2d ago on Sep 28, 2026· 50m 2s· 6 players
Game mode
Random Map
Map size
Normal (6 player)
Population
200
Speed
Normal
Resources
Standard
Victory
Conquest
Starting age
Dark Age
Ending age
Imperial Age
RankedLock teamsTeams togetherTeam positionsShared explorationLock speedFull tech treeHidden civsTurbo modeCheats
Victory
Defeat
🇬🇧 Celts · United Kingdom
1082
+16
🇬🇧 Spanish · United Kingdom
1036
+18
🇬🇧 Mongols · United Kingdom
1015
+18
🇹🇼 Franks · Taiwan
1124
-20
🇹🇼 Maya · Taiwan
1075
-17
🇹🇼 Hindustanis · Taiwan
1012
-42
DAREDEVILINRED
11:28 Feudal Age
11:56 Double-Bit Axe
16:53 Castle Age
15:01 Horse Collar
15:57 Fletching
16:17 Gold Mining
16:38 Stone Mining
19:19 Bow Saw
20:49 Wheelbarrow
20:04 Loom
23:41 Ballistics
24:49 Bodkin Arrow
27:09 Padded Archer Armor
27:10 Scale Mail Armor
31:51 Hand Cart
31:27 Town Watch
34:38 Stone Shaft Mining
39:33 Imperial Age
39:55 Elite Conquistador
41:49 Bracer
42:06 Leather Archer Armor
42:06 Chain Mail Armor
42:02 Forging
42:48 Conscription
50:03 Chemistry
49:14 Fortified Wall
48:59 Murder Holes
50:32 Ring Archer Armor
50:32 Plate Mail Armor
50:08 Scale Barding Armor
CrusadingChicken
7:13 Loom
8:04 Loom
11:27 Feudal Age
13:36 Double-Bit Axe
14:07 Gold Mining
17:17 Castle Age
15:50 Scale Mail Armor
16:01 Forging
16:14 Man-at-Arms
16:40 Arson
21:17 Long Swordsman
22:19 Gambesons
29:01 Gold Shaft Mining
31:12 Chain Mail Armor
31:32 Iron Casting
31:47 Iron Casting
37:22 Pikeman
45:38 Imperial Age
47:55 Halberdier
48:06 Heavy Scorpion
50:16 Blast Furnace
Alex43LUFC
11:09 Feudal Age
12:26 Double-Bit Axe
16:27 Castle Age
15:59 Stone Mining
18:59 Loom
23:06 Wheelbarrow
23:34 Fletching
24:44 Bloodlines
31:02 Imperial Age
28:51 Padded Archer Armor
30:01 Bodkin Arrow
30:25 Bow Saw
30:37 Light Cavalry
31:18 Husbandry
31:39 Leather Archer Armor
31:34 Gold Mining
31:48 Bracer
33:34 Ballistics
34:14 Chemistry
34:33 Hand Cart
35:10 Elite Mangudai
36:55 Scale Barding Armor
37:01 Forging
37:44 Murder Holes
39:34 Heavy Camel Rider
41:04 Iron Casting
40:50 Chain Barding Armor
45:28 Fortified Wall
一直嬉皮笑臉
1:13 Loom
10:58 Feudal Age
12:26 Double-Bit Axe
12:23 Horse Collar
14:08 Wheelbarrow
16:35 Castle Age
17:13 Crossbowman
18:32 Bow Saw
21:25 Heavy Plow
43:23 Hand Cart
44:13 Thumb Ring
50:08 Fletching
50:18 Padded Archer Armor
妖姬西打龍
10:05 Feudal Age
14:54 Castle Age
14:28 Double-Bit Axe
15:35 Loom
19:05 Wheelbarrow
19:42 Bow Saw
23:59 Hand Cart
23:48 Town Watch
25:50 Scale Barding Armor
25:41 Gold Mining
29:43 Gold Shaft Mining
30:48 Chain Barding Armor
30:40 Forging
30:33 Husbandry
33:06 Imperial Age
30:42 Stone Mining
33:05 Iron Casting
33:11 Cavalier
34:27 Plate Barding Armor
34:53 Blast Furnace
34:20 Conscription
34:30 Town Patrol
34:42 Paladin
42:20 Scale Mail Armor
43:05 Ballistics
43:47 Chemistry
42:46 Murder Holes
豆子
3:50 Loom
11:49 Feudal Age
12:58 Feudal Age
14:46 Wheelbarrow
14:28 Double-Bit Axe
14:26 Horse Collar
21:00 Castle Age
19:24 Forging
19:35 Bloodlines
20:11 Scale Barding Armor
22:32 Bow Saw
22:18 Light Cavalry
23:00 Husbandry
24:41 Pikeman
26:07 Heavy Plow
27:19 Iron Casting
29:05 Hand Cart
31:34 Chain Barding Armor
37:26 Ballistics
40:40 Town Watch
44:42 Imperial Age
43:22 Squires
42:51 Elite Skirmisher
45:41 Heavy Camel Rider
47:34 Conscription
48:18 Blast Furnace
47:54 Plate Barding Armor
47:27 Guard Tower
47:47 Masonry
47:47 Thumb Ring
47:27 Imperial Camel Rider
48:25 Grand Trunk Road
49:41 Hoardings
Connection lost

Rejoining the realm…

Still unreachable

The connection could not be restored.

Session expired

The server has moved on; the page needs a fresh start.